Map: Port Aleksander LE

Players

soul

  • Race: Terran Terran
  • League: Grandmaster
  • Spawn Location: 11:00

Lambo - Winner!

  • Race: Zerg Zerg
  • League: Grandmaster
  • Spawn Location: 5:00

VOD

Have the link to the VOD?

Description

Time

  • Played on: Dec. 16, 2018, 9:58 a.m.
  • Length: 9:36
Show
View Real Time Build Order
Export as new Build Order

soul Terran 

Build Orders: Gas First Reaper Expand, Hellion Opening 

Get SALT Encoding   

  12  0:00  SCV  
  13  0:12  SCV  
  14  0:17  Supply Depot  
  14  0:25  SCV  
  15  0:32  Refinery  
  15  0:39  SCV  
  16  0:47  Barracks  
  16  0:52  SCV  
  17  1:04  SCV  
  18  1:16  SCV  
  19  1:34  Reaper, Orbital Command  
  20  1:46  Command Center  
  20  1:56  Factory  
  21  2:01  SCV  
  21  2:05  Refinery  
  21  2:10  Barracks Reactor  
  21  2:14  SCV  
  22  2:22  Supply Depot  
  22  2:26  SCV  
  23  2:43  Starport  
  23  2:44  SCV  
  24  2:51  Hellion x2  
  28  2:56  SCV  
  29  3:00  Orbital Command  
  29  3:12  Hellion  
  32  3:13  Marine  
  32  3:15  Hellion  
  34  3:23  Armory  
  34  3:27  SCV  
  34  3:30  Medivac  
  34  3:32  Marine  
  38  3:35  SCV  
  38  3:40  SCV  
  40  3:42  Hellion  
  40  3:45  Hellion  
  45  3:48  SCV  
  45  3:52  SCV  
  46  4:00  Fusion Core  
  46  4:02  Supply Depot  
  46  4:05  Starport Tech Lab  
  46  4:12  Terran Vehicle And Ship Armor Level 1, Supply Depot  
  46  4:24  SCV x2  
  48  4:35  Supply Depot x2  
  48  4:36  SCV x2, Hellion  
  52  4:42  Hellion  
  54  4:48  SCV, Hellion  
  54  4:49  Hellion x2  
  50  4:53  Viking  
  50  4:57  SCV  
  46  5:01  Hellion  
  46  5:02  SCV  
  47  5:18  Hellion x2  
  49  5:28  SCV, Battlecruiser  
  51  5:31  SCV  
  53  5:37  Supply Depot  
  53  5:40  SCV  
  53  5:43  SCV  
  54  5:50  Supply Depot  
  54  5:52  Weapon Refit  
  54  5:56  Refinery  
  54  6:03  SCV x2  
  54  6:04  Hellion x2  
  60  6:11  Command Center  
  60  6:13  Supply Depot  
  60  6:16  SCV x2  
  62  6:23  Terran Vehicle And Ship Armor Level 2  
  62  6:28  SCV x2  
  64  6:33  Hellion  
  64  6:35  Refinery  
  66  6:40  SCV  
  66  6:41  SCV, Hellion  
  70  6:50  Marine  
  70  6:52  SCV  
  70  6:53  Battlecruiser  
  78  7:02  Supply Depot  
  78  7:03  Supply Depot  
  78  7:07  SCV x2  
  78  7:21  Starport x2  
  78  7:22  SCV x2  
  78  7:23  Marine, Hellion x2  
  78  7:28  Orbital Command  
  83  7:34  SCV x2  
  85  7:42  Armory  
  85  7:46  Refinery, SCV x2  
  85  7:50  Refinery  
  87  7:55  Orbital Command  
  87  7:57  Battlecruiser  
  93  7:58  SCV  
  93  8:01  SCV  
  93  8:03  Starport Tech Lab  
  93  8:04  Starport Tech Lab  
  95  8:10  SCV  
  96  8:13  SCV  
  96  8:15  Supply Depot, Engineering Bay  
  96  8:16  Supply Depot  
  97  8:21  SCV  
  97  8:22  SCV  
  97  8:25  SCV  
  97  8:27  Battlecruiser  
  106  8:34  SCV  
  106  8:36  Supply Depot x2  
  107  8:46  SCV  
  97  8:56  SCV  
  96  9:07  SCV  
  96  9:08  SCV  
  78  9:19  SCV  
  78  9:22  SCV  
Show
View Real Time Build Order
Export as new Build Order

Lambo Zerg - Winner!

Build Orders: Hatch First 

Get SALT Encoding   

  12  0:00  Drone  
  13  0:13  Overlord  
  13  0:18  Drone  
  14  0:31  Drone x2  
  16  0:49  Hatchery  
  15  0:52  Drone  
  15  0:56  Drone  
  17  1:00  Drone  
  18  1:10  Extractor  
  17  1:15  Spawning Pool  
  17  1:18  Drone  
  17  1:22  Drone  
  18  1:29  Drone  
  19  1:39  Drone  
  20  1:50  Overlord  
  20  2:02  Queen x2  
  20  2:03  Zergling x4  
  26  2:12  Metabolic Boost  
  26  2:14  Drone  
  26  2:15  Drone  
  28  2:22  Drone  
  29  2:23  Drone  
  30  2:41  Hatchery  
  30  2:43  Drone  
  30  2:50  Pneumatized Carapace  
  30  2:51  Drone  
  30  2:53  Drone  
  30  2:58  Overlord  
  32  3:01  Drone  
  32  3:04  Drone  
  34  3:07  Drone  
  35  3:13  Drone  
  35  3:19  Drone x2  
  38  3:20  Queen, Drone  
  38  3:25  Overlord  
  41  3:29  Drone  
  41  3:33  Queen  
  44  3:44  Drone x2  
  44  3:45  Zergling x8  
  50  3:54  Overlord  
  50  3:56  Drone x2  
  50  3:59  Zergling x2  
  50  4:00  Queen  
  55  4:03  Spine Crawler, Drone  
  55  4:06  Overlord  
  55  4:10  Queen  
  57  4:20  Queen  
  57  4:22  Zergling x8  
  63  4:29  Zergling x8  
  66  4:42  Drone x3  
  65  4:49  Drone x2  
  65  4:52  Drone x3  
  67  4:55  Drone  
  67  4:56  Drone  
  67  4:58  Drone x2  
  68  5:06  Drone x2  
  70  5:07  Drone  
  70  5:08  Lair  
  70  5:09  Spore Crawler  
  70  5:10  Spore Crawler  
  70  5:12  Drone x2  
  70  5:13  Queen, Spore Crawler  
  72  5:17  Drone x2  
  74  5:26  Drone x2  
  73  5:29  Drone  
  73  5:36  Extractor  
  73  5:37  Extractor  
  68  5:48  Drone x4  
  68  5:49  Drone  
  73  5:55  Baneling Nest, Drone x2  
  74  6:00  Spore Crawler  
  74  6:01  Overlord  
  74  6:02  Overlord x2  
  73  6:06  Overlord  
  73  6:10  Overlord  
  73  6:12  Queen  
  73  6:13  Extractor, Spire  
  73  6:15  Queen, Roach Warren  
  74  6:18  Extractor  
  74  6:20  Extractor  
  74  6:23  Zergling x10  
  74  6:24  Zergling x4  
  74  6:25  Drone x4  
  83  6:28  Drone x5  
  83  6:29  Drone x2  
  88  6:54  Drone x2  
  88  6:55  Glial Reconstitution, Drone  
  88  6:56  Evolution Chamber  
  88  6:57  Evolution Chamber, Drone x2  
  88  6:58  Roach x3  
  88  7:00  Evolution Chamber  
  88  7:01  Overlord x3  
  96  7:05  Overlord  
  96  7:08  Overlord  
  96  7:10  Overlord x2  
  96  7:14  Overlord  
  96  7:15  Overlord  
  96  7:20  Overlord  
  96  7:25  Zerg Missile Weapons Level 1  
  96  7:28  Corruptor x4  
  104  7:34  Corruptor  
  104  7:36  Roach x2  
  110  7:42  Corruptor  
  112  7:47  Corruptor x2  
  112  7:50  Corruptor  
  118  7:53  Corruptor  
  120  8:00  Corruptor x2  
  120  8:05  Roach x3  
  130  8:07  Roach  
  130  8:12  Roach x2  
  138  8:13  Roach, Ravager  
  138  8:14  Ravager  
  138  8:18  Roach x2  
  138  8:19  Roach  
  146  8:21  Roach  
  146  8:22  Overlord  
  146  8:26  Baneling x2  
  148  8:27  Roach x2  
  148  8:33  Roach x4  
  160  8:37  Roach x2  
  160  8:41  Roach x2  
  160  8:49  Roach x4  
  165  8:58  Roach x4  
  165  9:01  Roach  
  169  9:07  Corruptor x2  
  169  9:09  Roach  
Tags
 
Add a new tag
Caveats
  • Supply blocks, unpowered buildings, or Contaminate may cause inaccurate times.
  • Supply counts are checked every 10 seconds.